Map: Kairos Junction LE

Players

ThuNdeR

  • Race: Protoss Protoss
  • League: Grandmaster
  • Spawn Location: 11:00

zeeeeeeeeerg - Winner!

  • Race: Zerg Zerg
  • League: Master
  • Spawn Location: 5:00

VOD

Have the link to the VOD?

Description

Time

  • Played on: March 8, 2019, 1:20 a.m.
  • Length: 11:05
Show
View Real Time Build Order
Export as new Build Order

ThuNdeR Protoss 

Build Orders: Zealot Archon 

Get SALT Encoding   

  12  0:01  Probe  
  13  0:13  Probe  
  14  0:19  Pylon  
  14  0:25  Probe  
  15  0:33  Probe  
  15  0:41  Probe  
  16  0:43  Gateway  
  17  0:51  Probe  
  18  0:59  Assimilator  
  18  1:04  Pylon  
  18  1:05  Probe  
  19  1:14  Forge  
  19  1:23  Probe  
  20  1:33  Cybernetics Core  
  20  1:37  Probe  
  21  1:40  Zealot  
  23  1:47  Photon Cannon  
  23  2:00  Probe  
  24  2:14  Pylon  
  24  2:21  Adept  
  26  2:23  Pylon  
  26  2:26  Warp Gate  
  26  2:35  Nexus  
  28  2:51  Sentry  
  28  2:57  Gateway  
  27  3:01  Probe  
  27  3:04  Assimilator  
  28  3:09  Pylon  
  28  3:18  Robotics Facility  
  28  3:21  Probe  
  29  3:33  Probe  
  28  3:43  Twilight Council  
  28  3:45  Probe  
  28  3:48  Probe  
  30  3:50  Gateway  
  30  3:54  Warp Prism  
  30  3:57  Probe  
  30  4:00  Probe  
  34  4:12  Gateway  
  34  4:15  Probe  
  35  4:22  Dark Shrine  
  35  4:23  Probe  
  35  4:25  Probe  
  35  4:31  Probe  
  37  4:33  Probe  
  39  4:39  Assimilator, Probe  
  39  4:42  Probe  
  41  4:51  Probe  
  42  4:57  Adept x3  
  48  5:01  Probe  
  48  5:05  Charge, Assimilator  
  49  5:09  Pylon  
  49  5:23  Probe  
  50  5:30  Probe  
  50  5:31  Probe  
  51  5:38  Dark Templar x3  
  51  5:40  Probe  
  51  5:42  Probe  
  59  5:43  Pylon  
  60  5:55  Stalker  
  62  5:59  Immortal  
  62  6:05  Probe  
  67  6:11  Gateway  
  65  6:26  Pylon  
  65  6:28  Pylon  
  65  6:34  Sentry x3  
  65  6:35  Zealot  
  65  6:36  Immortal  
  65  6:39  Shield Battery  
  77  6:41  Gateway  
  77  6:42  Gateway  
  77  6:44  Pylon  
  77  6:56  Archon  
  77  7:13  Nexus  
  77  7:16  Pylon, Immortal  
  77  7:17  Dark Templar  
  83  7:23  Templar Archives  
  83  7:30  Dark Templar  
  83  7:31  Dark Templar  
  87  7:42  Probe  
  88  7:47  Shield Battery  
  88  7:48  Shield Battery  
  88  7:50  Pylon, Shield Battery  
  88  7:52  Dark Templar  
  90  8:06  Dark Templar x2  
  90  8:07  Zealot  
  90  8:08  Zealot  
  90  8:11  Archon  
  98  8:23  Dark Templar  
  98  8:24  Zealot x2  
  104  8:27  Probe  
  104  8:28  Zealot x2  
  109  8:37  Observer  
  106  9:02  Zealot  
  107  9:05  Zealot x3  
  107  9:06  Zealot  
  115  9:11  Probe  
  115  9:13  Probe  
  116  9:31  Zealot x4  
  114  9:44  Zealot x2  
  114  9:45  Zealot  
  86  9:47  Archon  
  86  9:49  Observer  
  48  10:01  Immortal  
  48  10:03  Zealot  
  48  10:04  Zealot x2  
  48  10:05  Zealot x2  
  58  10:08  Probe  
  49  10:24  Dark Templar  
  49  10:25  Dark Templar x2  
  49  10:26  Dark Templar  
  49  10:27  Zealot  
  59  10:34  Archon x2  
Show
View Real Time Build Order
Export as new Build Order

zeeeeeeeeerg Zerg - Winner!

Build Orders: Pool First, Lurkers 

Get SALT Encoding   

  12  0:00  Drone  
  13  0:22  Spawning Pool  
  13  0:24  Drone  
  13  0:29  Drone  
  14  0:39  Overlord  
  14  0:42  Extractor  
  13  0:44  Drone  
  15  1:09  Queen, Zergling x6  
  20  1:20  Zergling x2  
  21  1:33  Hatchery, Zergling x2  
  21  1:41  Drone  
  22  1:52  Overlord  
  22  2:12  Drone  
  22  2:20  Drone x4  
  22  2:22  Queen  
  27  2:32  Drone  
  27  2:39  Extractor  
  27  2:41  Extractor  
  27  2:42  Drone  
  26  2:50  Drone x2  
  28  2:57  Drone  
  28  2:58  Drone x3  
  32  3:08  Drone  
  32  3:09  Drone  
  34  3:12  Spine Crawler  
  34  3:17  Queen  
  34  3:19  Overlord  
  35  3:36  Drone  
  35  3:37  Drone x6, Queen  
  44  3:45  Evolution Chamber  
  43  3:50  Roach Warren  
  43  3:52  Drone  
  43  3:54  Lair  
  43  3:58  Overlord  
  43  4:10  Zerg Missile Weapons Level 1  
  43  4:14  Overlord  
  43  4:17  Drone x4  
  43  4:18  Drone x2  
  43  4:19  Drone  
  43  4:21  Drone  
  51  4:24  Extractor, Drone  
  51  4:32  Drone x3  
  51  4:38  Extractor  
  53  4:41  Drone x3  
  53  4:43  Drone  
  53  4:44  Drone x2  
  59  4:56  Hydralisk Den  
  58  5:05  Evolution Chamber, Overlord x3  
  57  5:30  Lurker Den, Hydralisk x4  
  57  5:31  Hydralisk x2  
  68  5:46  Roach x6  
  80  5:54  Overseer  
  80  6:06  Roach, Overlord x3  
  80  6:07  Overlord x2  
  82  6:30  Overseer  
  82  6:38  Nydus Network  
  81  6:42  Overlord x3  
  81  6:43  Drone, Overlord  
  81  6:44  Drone x6  
  88  6:47  Spine Crawler x2  
  88  6:48  Spine Crawler  
  85  6:56  Spine Crawler x2  
  85  6:57  Lurker  
  85  6:58  Spore Crawler, Lurker x4  
  85  6:59  Spine Crawler  
  86  7:14  Spore Crawler, Spine Crawler  
  84  7:21  Nydus Canal  
  84  7:27  Overseer  
  83  7:47  Nydus Canal  
  83  7:50  Roach x16  
  115  7:56  Spore Crawler  
  114  7:59  Nydus Canal  
  114  8:06  Roach x5  
  124  8:14  Nydus Canal  
  124  8:18  Overseer x2  
  124  8:21  Queen  
  124  8:22  Queen  
  122  8:44  Hydralisk x5  
  132  8:51  Nydus Canal  
  132  8:57  Pneumatized Carapace  
  132  9:27  Nydus Canal  
  80  9:53  Overseer x2  
  76  10:12  Hydralisk x2  
  76  10:13  Hydralisk x15  
  110  10:20  Nydus Canal  
Tags
 
Add a new tag
Caveats
  • Supply blocks, unpowered buildings, or Contaminate may cause inaccurate times.
  • Supply counts are checked every 10 seconds.